 Dungeon Crawl Stone Soup version 0.18.1-47-g9310371 (webtiles) character file.

106554 juanjsm the Unseen (level 15, -10/69 HPs)
             Began as a Spriggan Enchanter on June 15, 2016.
             Was the Champion of Okawaru.
             Mangled by an enchanted long sword (19 damage)
             ... on level 13 of the Dungeon on June 18, 2016.
             The game lasted 02:57:14 (22695 turns).

juanjsm the Unseen (Spriggan Enchanter)            Turns: 22695, Time: 02:57:15

Health: -10/69     AC: 10    Str:  2    XL:     15   Next: 97%
Magic:  16/25      EV: 31    Int: 28    God:    Okawaru [******]
Gold:   1327       SH:  0    Dex: 20    Spells: 12 memorised, 12 levels left

rFire  . . .     SeeInvis +     m - +2 dagger (venom)
rCold  . . .     Gourm    .     e - +4 robe of Freedom {MR++ Regen+ MP-9 Dex+3}
rNeg   . . .     Faith    .     (shield restricted)
rPois  +         Spirit   .     b - +0 hat {Int+3}
rElec  +         Dismiss  .     Y - +1 cloak of Intercession {rElec Str-2 Slay+6 Stlth+}
rCorr  .         Reflect  .     (gloves unavailable)
SustAt +         Harm     .     (boots unavailable)
MR     ++++.                    X - amulet of magic regeneration
Stlth  +++++++++.               i - ring of sustain attributes
                                f - ring of wizardry

@: very quick, incredibly resistant to hostile enchantments, incredibly stealthy
A: unfitting armour, slimy green scales 1, see invisible, blink, clever 1,
herbivore 3, speed 3, poison resistance, slow metabolism 2
a: Blink, Heroism, Finesse, Renounce Religion


You were on level 13 of the Dungeon.
You worshipped Okawaru.
Okawaru was exalted by your worship.
You were not hungry.

You visited 4 branches of the dungeon, and saw 25 of its levels.
You also visited: Volcano.

You collected 2015 gold pieces.
You spent 688 gold pieces at shops.

Inventory:

Hand Weapons
 m - a +2 dagger of venom (weapon)
Missiles
 p - 27 tomahawks (quivered)
Armour
 b - a +0 hat of intelligence (worn)
 e - the +4 robe of Freedom (worn) {MR++ Regen+ MP-9 Dex+3}
   (Okawaru gifted it to you on level 6 of the Lair of Beasts)

   It affects your dexterity (+3).
   It affects your resistance to hostile enchantments.
   It affects your magic capacity (-9).
   It increases your rate of regeneration.
 L - a +2 buckler
 Y - the +1 cloak of Intercession (worn) {rElec Str-2 Slay+6 Stlth+}
   (You found it on level 7 of the Lair of Beasts)

   It affects your strength (-2).
   It affects your accuracy and damage with ranged weapons and melee attacks
   (+6).
   It insulates you from electricity.
   It makes you more stealthy.
Jewellery
 f - a ring of wizardry (left hand)
 i - a ring of sustain attributes (right hand)
 X - an amulet of magic regeneration (around neck)
Wands
 a - a wand of lightning (8/15)
 c - a wand of lightning (8/15)
 u - a wand of iceblast (8/15)
 v - a wand of disintegration (15/24)
 x - a wand of digging (17/24)
 Q - a wand of teleportation (4/9)
Scrolls
 l - 13 scrolls of teleportation
 q - 3 scrolls of fear
 r - a scroll of fog {unknown}
 s - 6 scrolls of immolation
 w - a scroll of blinking {unknown}
 C - a scroll of amnesia {unknown}
 G - 2 scrolls of magic mapping
 M - a scroll of holy word {unknown}
 P - a scroll of silence {unknown}
 T - a scroll of brand weapon {unknown}
 U - a scroll of torment {unknown}
 W - a scroll of acquirement {unknown}
 Z - 4 scrolls of vulnerability
Potions
 g - a potion of agility
 h - 3 potions of flight
 j - 4 potions of brilliance
 k - 5 potions of ambrosia
 n - a potion of heal wounds
 o - a potion of resistance
 F - 2 potions of invisibility
 H - 5 potions of curing
 N - 2 potions of haste
 O - 2 potions of lignification
 R - 2 potions of cancellation
 S - 3 potions of might
Miscellaneous
 y - a fan of gales
 A - a box of beasts
Comestibles
 d - 10 bread rations
 D - 26 fruits
 E - 3 royal jellies


   Skills:
 * Level 3.6 Fighting
 - Level 10.1 Short Blades
 + Level 13.5 Dodging
 + Level 20.7 Stealth
 * Level 6.4 Shields
 * Level 14.1 Spellcasting
 + Level 1.2 Conjurations
 + Level 10.4 Hexes
 + Level 2.0 Translocations
 + Level 1.8 Transmutations
 + Level 6.3 Ice Magic
 * Level 3.9 Evocations


You had 12 spell levels left.
You knew the following spells:

 Your Spells              Type           Power        Failure   Level  Hunger
a - Corona                Hex            ######.      1%          1    None
b - Ensorcelled Hibernat  Hex/Ice        ######       1%          2    None
c - Confuse               Hex            ######..     1%          3    None
d - Dazzling Spray        Conj/Hex       ######       1%          3    None
e - Stone Arrow           Conj/Erth      ###...       3%          3    None
f - Tukima's Dance        Hex            ######..     1%          3    None
g - Blink                 Tloc           N/A          1%          2    None
h - Apportation           Tloc           ####......   1%          1    None
i - Cure Poison           Pois           ###.......   1%          2    None
j - Passwall              Trmt/Erth      ###.......   1%          2    None
k - Iskenderun's Mystic   Conj           ####....     7%          4    None
l - Fulminant Prism       Conj/Hex       ######....   1%          4    None


Dungeon Overview and Level Annotations

Branches:
Dungeon (14/15)            Temple (1/1) D:6            Lair (8/8) D:11
 Shoals (0/4) Lair:5       Spider (0/4) Lair:6        Slime (0/6) Lair:8
    Orc (2/2) D:12            Elf (0/3) Orc:2
 Vaults: D:13-14

Altars:
Ashenzari
Cheibriados
Dithmenos
Elyvilon
Fedhas
Gozag
Kikubaaqudgha
Makhleb
Nemelex Xobeh
Okawaru
Pakellas
Qazlal
Ru
Sif Muna
Trog
Vehumet
Xom
Yredelemnul
Zin
The Shining One
Beogh

Shops:
Orc:2 [!*![


Innate Abilities, Weirdness & Mutations

You are tiny and cannot use many weapons and most armour.
You have supernaturally acute eyesight.
You are a herbivore.
You cover ground extremely quickly.
You need consume almost no food.
You are partially covered in slimy green scales (AC +2).
You can translocate small distances at will.
Your mind is acute. (Int +2)
Your system is resistant to poisons.


Message History

You kill the orc wizard!
The enchanted long sword hits you but does no damage.
Casting: Ensorcelled Hibernation
Confirm with . or Enter, or press ? or * to list all spells.
Aiming: Ensorcelled Hibernation
Press: ? - help, Shift-Dir - straight line, f - hound
Aim: a hound (chance to defeat MR: 79%)
The hound looks drowsy...
The enchanted long sword hits you!
* * * LOW HITPOINT WARNING * * *
The enchanted long sword completely misses you.
You are too injured to fight recklessly!
The helpless hound fails to defend itself.
You stick the hound like a pincushion!!!!!
You kill the hound!
Okawaru accepts your kill. The enchanted long sword hits you!
* * * LOW HITPOINT WARNING * * *
The orc wizard looks braver for a moment.
The enchanted long sword hits you!!
You die...

##.##
####'#####
#..#
#.....### #.#
#####...# ..
########.##
##
..........#
..........#
..........#
..........#
.[....o@..#
......((†.#
.......o..#
.......o....
..........###
..........#
..#/#.....#
.#####....#


You could see 2 dancing weapons, an orc priest, an orc wizard (invisible) and an
orc.

Vanquished Creatures
  Rupert (Lair:8)
  Gastronok (Lair:2)
  Maud (D:13)
  A stone giant (Orc:2)
  The ghost of Zleub the Blocker, a journeyman MiFi of Ru (D:12)
  Erolcha (Orc:1)
  5 hydras
  A centaur warrior (D:14)
  A catoblepas (Lair:6)
  A death yak (Lair:6)
  3 orc high priests (Orc:2)
  4 skeletal warriors (D:12)
  A hill giant (D:13)
  A necromancer (Lair:2)
  An orc knight (Orc:2)
  2 orc sorcerers (Orc:2)
  A wolf spider (Lair:8)
  A deep elf mage (Volcano)
  2 ugly things
  3 hornets (Lair:8)
  A cyclops (D:12)
  A griffon (Lair:4)
  A guardian serpent (Lair:8)
  14 elephants
  A siren (Lair:5)
  Maurice (D:13)
  12 black mambas
  19 spiny frogs
  10 komodo dragons
  2 kobold demonologists (D:12)
  4 rime drakes
  2 trolls
  Grinder (D:6)
  10 polar bears
  3 two-headed ogres
  4 raiju (Lair:8)
  A slime creature (Lair:8)
  5 blink frogs (Lair:2)
  10 wyverns
  A wraith (D:11)
  A hungry ghost (D:12)
  4 fire bats
  2 basilisks
  23 yaks
  A hog (Volcano)
  3 hippogriffs
  8 wargs
  4 hell hounds (Lair:8)
  21 water moccasins
  11 porcupines
  4 sky beasts
  6 wasps
  13 orc warriors
  3 phantoms
  13 black bears (Lair:8)
  2 ice beasts
  A necrophage (D:11)
  11 ogres
  11 centaurs
  30 wolves
  The ghost of raikaria the Changer, an amateur MfTm (D:3)
  15 crocodiles
  5 big kobolds
  14 giant frogs
  A wyvern zombie (D:9)
  A wyvern skeleton (D:9)
  4 scorpions
  4 wights (D:9)
  A wasp zombie (D:9)
  6 crimson imps
  4 centaur zombies
  5 jellies
  2 giant frog skeletons
  Crazy Yiuf (D:7)
  24 orc priests
  15 hounds
  23 orc wizards
  A centaur skeleton (D:7)
  4 iguanas
  3 yak simulacra (Lair:2)
  10 worker ants
  A polar bear simulacrum (Lair:2)
  29 sheep
  4 wolf simulacra (Lair:2)
  A killer bee zombie (D:6)
  A hound zombie (D:11)
  2 hound skeletons
  A worker ant zombie (D:7)
  3 gnolls (D:3)
  32 adders
  66 river rats
  A shadow imp (D:7)
  2 oozes
  An adder zombie (D:7)
  6 worms
  A dart slug (D:3)
  7 giant geckos
  57 orcs
  15 bats
  6 giant cockroaches
  7 goblins
  7 hobgoblins
  10 jackals
  17 kobolds
  7 quokkas
  A ball python (D:3)
  6 giant newts
  A jackal skeleton (D:6)
  3 quokka skeletons
  A quokka zombie (D:8)
  14 rats
  A river rat simulacrum (Lair:2)
  A fungus (Lair:7)
764 creatures vanquished.

Vanquished Creatures (others)
  A two-headed ogre (Volcano)
  A hog (Volcano)
  An iguana (D:5)
  2 fulminant prisms
  7 fungi
  18 plants
30 creatures vanquished.

Grand Total: 794 creatures vanquished

Notes
Turn   | Place    | Note
--------------------------------------------------------------
     0 | D:1      | juanjsm the Spriggan Enchanter began the quest for the Orb.
     0 | D:1      | Reached XP level 1. HP: 9/9 MP: 5/5
   289 | D:1      | Reached XP level 2. HP: 10/13 MP: 3/6
   293 | D:1      | Learned a level 2 spell: Ensorcelled Hibernation
   775 | D:1      | Reached XP level 3. HP: 16/16 MP: 5/8
   781 | D:1      | Learned a level 3 spell: Confuse
  1023 | D:1      | You fall through a shaft!
  1057 | D:1      | Reached skill level 5 in Stealth
  1772 | D:2      | Reached XP level 4. HP: 20/21 MP: 1/10
  1779 | D:2      | Learned a level 3 spell: Dazzling Spray
  2664 | D:3      | Reached skill level 6 in Stealth
  2666 | D:3      | Reached XP level 5. HP: 24/24 MP: 10/12
  2779 | D:3      | Noticed raikaria's ghost (amateur MfTm)
  2793 | D:3      | Killed raikaria's ghost
  2793 | D:3      | Reached skill level 1 in Ice Magic
  2796 | D:3      | Reached skill level 7 in Stealth
  2887 | D:3      | Found a blossoming altar of Fedhas.
  3131 | D:3      | Reached XP level 6. HP: 27/28 MP: 2/13
  3582 | D:4      | Found a white marble altar of Elyvilon.
  3751 | D:5      | Entered Level 5 of the Dungeon
  3767 | D:4      | Found a shattered altar of Ashenzari.
  3889 | D:4      | Reached skill level 8 in Stealth
  4205 | D:4      | Found a shattered altar of Ashenzari.
  4220 | D:4      | Found a glowing golden altar of the Shining One.
  4231 | D:4      | Found a basalt altar of Yredelemnul.
  4461 | D:5      | Reached XP level 7. HP: 32/32 MP: 12/15
  4500 | D:5      | Reached skill level 5 in Spellcasting
  4814 | D:5      | Found a glowing silver altar of Zin.
  4847 | D:5      | Reached skill level 5 in Dodging
  4923 | D:5      | Reached skill level 5 in Hexes
  4954 | D:5      | Reached skill level 9 in Stealth
  5007 | D:5      | Reached XP level 8. HP: 10/37 MP: 1/18
  5515 | D:5      | Found an oddly glowing altar of Pakellas.
  5515 | D:5      | Noticed an orange crystal statue
  5787 | D:6      | Gained mutation: You are partially covered in slimy green scales (AC +2). [potion of mutation]
  5787 | D:6      | Gained mutation: Your mind is acute. (Int +2) [potion of mutation]
  5787 | D:6      | Gained mutation: Your system is resistant to poisons. [potion of mutation]
  5831 | D:6      | Found a blossoming altar of Fedhas.
  5904 | D:6      | Reached skill level 1 in Fighting
  5931 | D:6      | Noticed Grinder
  5946 | D:6      | Killed Grinder
  5946 | D:6      | Reached skill level 10 in Stealth
  6429 | D:6      | Found a staircase to the Ecumenical Temple.
  6448 | Temple   | Entered the Ecumenical Temple
  6633 | D:7      | Reached XP level 9. HP: 32/41 MP: 14/21
  6638 | D:7      | Learned a level 3 spell: Stone Arrow
  6642 | D:7      | Learned a level 3 spell: Tukima's Dance
  6655 | D:7      | Reached skill level 11 in Stealth
  6674 | D:8      | Found an opulent altar of Gozag.
  6853 | D:7      | Found an iron altar of Okawaru.
  6859 | D:7      | Became a worshipper of Warmaster Okawaru
  6965 | D:7      | Got a smoking short sword
  6968 | D:7      | Identified the +6 short sword of Jiph {pierce, Str+3 Stlth+} (You found it on level 7 of the Dungeon)
  7049 | D:7      | Noticed Crazy Yiuf
  7057 | D:7      | Killed Crazy Yiuf
  7276 | D:8      | Reached * piety under Okawaru
  7280 | D:8      | Reached skill level 12 in Stealth
  7322 | D:8      | Reached skill level 5 in Short Blades
  7448 | D:10     | Entered Level 10 of the Dungeon
  7602 | D:8      | Reached skill level 13 in Stealth
  7787 | D:9      | Reached skill level 1 in Shields
  7885 | D:9      | Reached ** piety under Okawaru
  7925 | D:9      | Reached XP level 10. HP: 37/45 MP: 1/23
  8274 | D:9      | Noticed a brown ugly thing
  8285 | D:9      | Found a blossoming altar of Fedhas.
  8308 | D:9      | Killed a brown ugly thing
  8413 | D:10     | You fall through a shaft for 2 floors!
  8420 | D:12     | Noticed Zleub's ghost (journeyman MiFi)
  8505 | D:11     | Reached skill level 14 in Stealth
  8538 | D:11     | Reached *** piety under Okawaru
  9043 | D:11     | Learned a level 2 spell: Blink
  9053 | D:10     | Learned a level 1 spell: Apportation
  9529 | D:11     | Found a staircase to the Lair.
  9541 | Lair:1   | Entered Level 1 of the Lair of Beasts
  9568 | Lair:1   | Noticed a spiny frog
  9575 | Lair:1   | Killed a spiny frog
  9575 | Lair:1   | Reached **** piety under Okawaru
  9612 | Lair:1   | Noticed a spiny frog
  9619 | Lair:1   | Killed a spiny frog
  9619 | Lair:1   | Reached skill level 15 in Stealth
  9631 | Lair:2   | Noticed an elephant
 10187 | Lair:1   | Noticed a spiny frog
 10194 | Lair:1   | Killed a spiny frog
 10194 | Lair:1   | Reached XP level 11. HP: 49/49 MP: 25/25
 10434 | Lair:1   | Reached ***** piety under Okawaru
 10611 | Lair:1   | Reached skill level 16 in Stealth
 11034 | Lair:2   | Reached skill level 10 in Spellcasting
 11355 | Lair:2   | Noticed a necromancer
 11355 | Lair:2   | Noticed Gastronok
 11390 | Lair:2   | Killed a necromancer
 11390 | Lair:2   | Reached skill level 17 in Stealth
 11527 | Lair:2   | Killed Gastronok
 11527 | Lair:2   | Received a gift from Okawaru
 11527 | Lair:2   | Reached ****** piety under Okawaru
 12041 | Lair:3   | Reached XP level 12. HP: 53/53 MP: 27/27
 12127 | Lair:4   | Received a gift from Okawaru
 12128 | Lair:4   | Got a smoking animal skin {god gift}
 12142 | Lair:3   | Identified the +1 animal skin "Izxaibba" {-Tele rC++ rN+ MR+} (Okawaru gifted it to you on level 4 of the Lair of Beasts)
 12684 | Lair:5   | Reached skill level 18 in Stealth
 12897 | Lair:4   | Reached skill level 10 in Dodging
 12991 | Lair:4   | Noticed an eight-headed hydra
 12996 | Lair:4   | Killed an eight-headed hydra
 13394 | Lair:5   | Found a staircase to the Shoals.
 14170 | Lair:6   | Found a hole to the Spider Nest.
 14314 | Lair:6   | Noticed a death yak
 14331 | Lair:6   | Noticed a catoblepas
 14362 | Lair:6   | Noticed a seven-headed hydra
 14369 | Lair:6   | Killed a seven-headed hydra
 14517 | Lair:7   | Noticed a five-headed hydra
 14624 | Lair:2   | Learned a level 2 spell: Cure Poison
 14761 | Lair:6   | Received a gift from Okawaru
 14762 | Lair:6   | Got an ancient robe {god gift}
 14810 | Lair:6   | Identified the +4 robe of Freedom {MR++ Regen+ MP-9 Dex+3} (Okawaru gifted it to you on level 6 of the Lair of Beasts)
 15179 | Lair:6   | Reached skill level 5 in Ice Magic
 15291 | Lair:6   | Killed a death yak
 15296 | Lair:6   | Reached XP level 13. HP: 48/58 MP: 5/29
 15492 | Lair:7   | Reached skill level 19 in Stealth
 15728 | Lair:8   | Entered Level 8 of the Lair of Beasts
 15811 | Lair:8   | Found a staircase to the Slime Pits.
 16480 | Lair:7   | Received a gift from Okawaru
 16481 | Lair:7   | Got an ancient robe {god gift}
 16485 | Lair:7   | Reached skill level 5 in Shields
 16502 | Lair:7   | Got a blackened cloak
 16634 | Lair:2   | Identified the +1 robe of the Guild-Master {Int+3 Dex+2} (Okawaru gifted it to you on level 7 of the Lair of Beasts)
 16644 | Lair:2   | Identified the +1 cloak of Intercession {rElec Str-2 Slay+6 Stlth+} (You found it on level 7 of the Lair of Beasts)
 17067 | Lair:8   | Noticed Rupert
 17073 | Lair:8   | Killed Rupert
 17578 | Lair:8   | Reached XP level 14. HP: 63/63 MP: 19/31
 17587 | Lair:8   | Received a gift from Okawaru
 17962 | Lair:8   | Reached skill level 20 in Stealth
 18892 | Lair:2   | Learned a level 2 spell: Passwall
 18897 | Lair:2   | Learned a level 4 spell: Iskenderun's Mystic Blast
 18902 | Lair:2   | Learned a level 4 spell: Fulminant Prism
 19370 | D:12     | Reached skill level 10 in Short Blades
 19488 | D:12     | Killed Zleub's ghost
 19577 | D:12     | Reached skill level 10 in Hexes
 19578 | D:12     | Received a gift from Okawaru
 19649 | D:12     | Found a staircase to the Orcish Mines.
 19689 | Orc:1    | Entered Level 1 of the Orcish Mines
 19695 | Orc:2    | Entered Level 2 of the Orcish Mines
 19711 | Orc:2    | Found Goginik's Armour Boutique.
 19870 | Orc:1    | Found a roughly hewn altar of Beogh.
 19939 | Orc:1    | Noticed Erolcha
 20055 | Orc:1    | Killed Erolcha
 20238 | Orc:2    | Found a staircase to the Elven Halls.
 20241 | Orc:2    | Noticed a stone giant
 20465 | Orc:2    | Found a roughly hewn altar of Beogh.
 20570 | Orc:2    | Killed a stone giant
 20648 | Orc:2    | Found a dark tunnel.
 20661 | Volcano  | Entered a volcano
 20735 | Volcano  | HP: 3/65 [orc warrior/long sword of flaming (4)]
 20962 | Orc:2    | Found Ruekut's Distillery.
 20962 | Orc:2    | Found Jykkov's Distillery.
 20962 | Orc:2    | Found Zidaas's Assorted Antiques.
 20977 | Orc:2    | Found Zuwk's Antique Armour Emporium.
 21561 | Orc:2    | Bought a potion of might for 56 gold pieces
 21561 | Orc:2    | Bought 2 potions of flight for 84 gold pieces
 21564 | Orc:2    | Bought a scroll labeled PYTHYN IVUINU for 36 gold pieces
 21564 | Orc:2    | Bought a scroll labeled OPPYGU GUKKUG for 36 gold pieces
 21564 | Orc:2    | Bought a scroll labeled IHISAE AGYO for 36 gold pieces
 21565 | Orc:2    | Bought a potion of resistance for 140 gold pieces
 21565 | Orc:2    | Bought a potion of cancellation for 112 gold pieces
 21677 | Orc:2    | Bought the cursed -4 hat of Agnosticism {rElec MR+ Str+3 Int+2} for 188 gold pieces
 21846 | Lair:2   | Reached skill level 1 in Conjurations
 21846 | Lair:2   | Reached skill level 1 in Transmutations
 21846 | Lair:2   | Reached XP level 15. HP: 68/68 MP: 18/33
 21847 | Lair:2   | Gained mutation: You can translocate small distances at will. [potion of beneficial mutation]
 22173 | D:12     | Found a roughly hewn altar of Beogh.
 22241 | D:12     | Found a sparkling altar of Nemelex Xobeh.
 22252 | D:12     | Found a stormy altar of Qazlal.
 22549 | D:13     | Noticed Maud
 22556 | D:13     | Killed Maud
 22678 | D:13     | Noticed Maurice
 22684 | D:13     | Killed Maurice
 22695 | D:13     | Mangled by an enchanted long sword

Skill      XL: |  1  2  3  4  5  6  7  8  9 10 11 12 13 14 15 |
---------------+----------------------------------------------+-----
Spellcasting   | 3 4 6 7 8 9 10 11 12 13 14 | 14.1
Stealth        | 5 6 7 8 9 10 13 15 17 18 19 20 | 20.7
Short Blades   | 2 3 4 5 6 7 8 9 10 | 10.1
Hexes          | 4 5 6 7 8 9 10 | 10.4
Dodging        | 4 5 6 7 8 9 10 12 13 | 13.5
Ice Magic      | 1 2 3 4 5 6 |  6.3
Fighting       | 1 2 3 |  3.6
Shields        | 1 2 3 4 5 6 |  6.4
Conjurations   | 1 |  1.2
Translocations | 2 |  2.0
Transmutations | 1 |  1.8
Evocations     | 2 3 |  3.9

Action                   |  1- 3 |  4- 6 |  7- 9 | 10-12 | 13-15 || total
-------------------------+-------+-------+-------+-------+-------++-------
Melee: Dagger            |    82 |   119 |   134 |   415 |   592 ||  1342
       Short sword       |       |       |    34 |     9 |       ||    43
 Cast: Corona            |     4 |       |       |       |       ||     4
       Ensorcelled Hiber |    23 |    26 |    55 |   183 |   304 ||   591
       Confuse           |       |     9 |    24 |    32 |    71 ||   136
       Dazzling Spray    |       |       |     4 |     6 |     6 ||    16
       Blink             |       |       |       |       |     5 ||     5
       Iskenderun's Myst |       |       |       |       |     4 ||     4
       Fulminant Prism   |       |       |       |       |     2 ||     2
Evoke: Wand              |       |       |       |       |     1 ||     1
  Use: Scroll            |       |       |    13 |     9 |     5 ||    27
       Potion            |       |       |     1 |     1 |     8 ||    10
 Stab: Sleeping          |    29 |    33 |    62 |   203 |   299 ||   626
       Confused          |       |     7 |    15 |    27 |    34 ||    83
       Distracted        |       |       |     1 |     2 |    13 ||    16
       Invisible         |       |       |     1 |     3 |     4 ||     8
  Eat: Bread ration      |       |     1 |       |       |       ||     1
       Fruit             |       |       |       |     8 |     7 ||    15
Armor: Robe              |     9 |     5 |     9 |    24 |    48 ||    95
       Animal skin       |       |       |       |     8 |       ||     8
Dodge: Dodged            |    55 |    58 |   100 |   308 |   516 ||  1037
